 Dungeon Crawl Stone Soup version 0.30-a0-1042-gacf32f4bd3 (webtiles) character file.

Game seed: 18318652610124175415

107065 Kenran the Warrior (level 16, -4/99 HPs)
             Began as a Gargoyle Fighter on Apr 9, 2023.
             Was the Champion of Hepliaklqana.
             Slain by a bunyip (24 damage)
             ... on level 2 of the Swamp.
             The game lasted 00:57:41 (26886 turns).

Kenran the Warrior (Gargoyle Fighter)              Turns: 26886, Time: 00:57:42

Health: -4/99      AC: 40    Str: 24    XL:     16   Next: 45%
Magic:  23/23      EV: 11    Int: 11    God:    Hepliaklqana [******]
Gold:   1935       SH: 17    Dex: 13    Spells: 15/15 levels left

rFire   + + .      SeeInvis +    q - +3 double sword (elec)
rCold   + + .      Faith    .    A - +2 shield of Resistance {rF++ rC++ Will++}
rNeg    + . .      Spirit   .    T - +4 plate armour {Will+}
rPois   ∞          Reflect  +    l - +0 helmet "Ruqaixku" {rPois rCorr Str+2}
rElec   +          Rampage  .    u - +0 cloak
rCorr   +                        R - +2 pair of gloves
Will    ++++.                    M - +2 pair of slick slippers {slick, slippery, EV+4} Stlth
                                 S - amulet of reflection
HPRegen 0.36/turn                j - ring of resist corrosion
MPRegen 0.18/turn                m - ring of see invisible

@: about to teleport, flying
A: reduced essence, sickness immunity, AC +12, big wings, negative energy
resistance 1, electricity resistance, torment resistance 1, petrification
resistance
a: Renounce Religion, Recall Ancestor, Ancestor Identity, Transference, Idealise


You were on level 2 of the Swamp.
You worshipped Hepliaklqana.
Hepliaklqana was exalted by your worship.
You visited 5 branches of the dungeon, and saw 25 of its levels.
You also visited: Gauntlet and Ice Cave.

You collected 2283 gold pieces.
You spent 348 gold pieces at shops.

Inventory:

Hand Weapons
 q - a +3 double sword of electrocution (weapon)
 r - the +7 whip of Oozing Pus {drain, rF+ rCorr Str+3}
   (You found it on level 5 of the Dungeon)

   Str:       It affects your strength (+3).
   rF:        It protects you from fire.
   rCorr:     It protects you from acid and corrosion.
Missiles
 y - a throwing net (quivered)
Armour
 l - the +0 helmet "Ruqaixku" (worn) {rPois rCorr Str+2}
   (You found it on level 5 of the Lair of Beasts)

   Str:       It affects your strength (+2).
   rPois:     It protects you from poison.
   rCorr:     It protects you from acid and corrosion.
 u - a +0 cloak (worn)
 A - the +2 shield of Resistance (worn) {rF++ rC++ Will++}
   (You found it on level 7 of the Dungeon)

   rF:        It greatly protects you from fire.
   rC:        It greatly protects you from cold.
   Will:      It greatly increases your willpower.
 M - the +2 pair of slick slippers (worn) {slick, slippery, EV+4}
   (You found it in a Gauntlet)

   Slick:     Its wearer cannot be constricted, engulfed, netted or webbed.
   Slippery:  It slips away from damaging melee attacks, pulling the attacker
   onward.
   EV:        It affects your evasion (+4).
 R - a +2 pair of gloves (worn)
 T - a +4 plate armour of willpower (worn)
Jewellery
 c - the ring "Siubaok" {rElec rC+ MP+9}
   (You found it in a Gauntlet)

   [ring of magical power]

   rC:        It protects you from cold.
   rElec:     It insulates you from electricity.
   MP:        It affects your magic capacity (+9).
 e - a ring of fire
 g - a ring of positive energy
 j - a ring of resist corrosion (left hand)
 m - a ring of see invisible (right hand)
 J - a ring of magical power
 K - an amulet of guardian spirit
 S - an amulet of reflection (around neck)
Wands
 h - a wand of light (9)
 o - a wand of iceblast (27)
 s - a wand of flame (38)
 x - a wand of mindburst (8)
 C - a wand of charming (21)
Scrolls
 k - 6 scrolls of poison
 n - 3 scrolls of butterflies
 v - 2 scrolls of fog
 w - 4 scrolls of immolation {!r}
 E - 3 scrolls of fear
 F - 2 scrolls of silence
 G - 5 scrolls of vulnerability {!r}
 L - 9 scrolls of magic mapping
 N - 8 scrolls of teleportation
 Q - 2 scrolls of blinking
Potions
 a - 3 potions of ambrosia
 b - 9 potions of curing {@q1}
 d - 4 potions of mutation {!q}
 f - 4 potions of lignification {!q}
 p - 3 potions of haste
 t - 2 potions of magic {unknown}
 z - 4 potions of degeneration {unknown}
 B - 3 potions of heal wounds {@q2}
 D - 4 potions of brilliance
 I - 3 potions of attraction {!q}
 U - a potion of cancellation {unknown}
Miscellaneous
 H - a lightning rod (4/4)
 O - a phantom mirror


   Skills:
 + Level 16.6 Fighting
 * Level 10.7 Long Blades
 - Level 14.0 Maces & Flails
 + Level 13.3 Armour
 - Level 2.0 Dodging
 - Level 7.0 Shields
 - Level 6.5 Unarmed Combat
 + Level 10.5 Invocations
 - Level 3.0 Evocations


You had 15 spell levels left.
You didn't know any spells.
Your spell library contained the following spells:

 Spells                   Type           Power      Damage    Failure   Level
 Beastly Appendage        Tmut           0%         N/A       100%        1
 Kiss of Death            Conj/Necr      0%         2d5       100%        1
 Sting                    Tmut/Pois      0%         1d3       100%        1
 Blink                    Tloc           0%         N/A       100%        2
 Call Imp                 Summ           0%         N/A       100%        2
 Poisonous Vapours        Pois/Air       0%         N/A       100%        2
 Wereblood                Tmut           0%         N/A       100%        2
 Confusing Touch          Hex            0%         N/A       100%        3
 Dazzling Flash           Conj/Hex       0%         N/A       100%        3
 Ozocubu's Armour         Ice            0%         N/A       100%        3
 Spider Form              Tmut/Pois      0%         N/A       100%        3
 Anguish                  Hex/Necr       0%         N/A       100%        4
 Dispel Undead            Necr           0%         3d6       100%        4
 Leda's Liquefaction      Hex/Erth       0%         N/A       100%        4
 Manifold Assault         Tloc           0%         N/A       100%        4
 Olgreb's Toxic Radiance  Pois           0%         N/A       100%        4
 Summon Lightning Spire   Summ/Air       0%         N/A       100%        4
 Lee's Rapid Deconstruct  Erth           0%         3d4*      100%        5
 Silence                  Hex/Air        0%         N/A       100%        5
 Conjure Ball Lightning   Conj/Air       0%         3x3d6     100%        6
 Enfeeble                 Hex            0%         N/A       100%        7
 Ozocubu's Refrigeration  Ice            0%         4d7       100%        7
 Storm Form               Tmut/Air       0%         N/A       100%        7
 Discord                  Hex            0%         N/A       100%        8
 Disjunction              Tloc           0%         N/A       100%        8
 Maxwell's Capacitive Co  Air            0%         ∞         100%        8
 Statue Form              Tmut/Erth      Unusable   N/A       N/A         6

Dungeon Overview and Level Annotations

Branches:
Dungeon (15/15)            Temple (1/1) D:4            Lair (5/5) D:10
  Swamp (2/4) Lair:2       Spider (0/4) Lair:2        Slime (0/5) Lair:4
    Orc (2/2) D:10            Elf (0/3) Orc:2        Vaults (0/5) D:14
 Depths (0/4) D:15          IceCv (visited)         Gauntlet (visited)

Altars:
Ashenzari
Cheibriados
Dithmenos
Elyvilon
Fedhas
Gozag
Hepliaklqana
Kikubaaqudgha
Makhleb
Nemelex Xobeh
Okawaru
Qazlal
Ru
Sif Muna
Trog
Uskayaw
Vehumet
Wu Jian
Xom
Yredelemnul
Zin
The Shining One
Jiyva

Shops:
D:5 [[(   D:7 *   D:8 =   D:9 =   Orc:2 !(*[(

Annotations:
D:4 Duvessa
D:8 3 runed translucent doors, zx48k's ghost, novice GnFi
D:12 2 transporters, CryoSword's ghost, journeyman DsMo
D:14 exclusion: downstairs
D:15 Jorgrun


Innate Abilities, Weirdness & Mutations

Your life essence is reduced to manifest your ancestor. (-10% HP)
You are immune to sickness and miasma.
Your stone body is resilient. (AC +12)
You are immune to poison.
Your large and strong wings let you fly.
You resist negative energy. (rN+)
You are resistant to electric shocks. (rElec)
You are resistant to unholy torment.
You are immune to petrification.


Message History

The goliath frog hits you but does no damage.
Ealamassi hits the bunyip with a +0 broad axe of flaming!
Ealamassi burns the bunyip.
Ealamassi barely misses the three-headed hydra.
The spriggan druid gestures at you while chanting.
The stone arrow reflects off an invisible shield around you!
The stone arrow hits the spriggan druid!!
With its final breath, the spriggan druid offers up its power to the beasts of the wild!
The bunyip is healed.
The three-headed hydra is healed.
The bunyip seems to grow more fierce.
The three-headed hydra seems to grow more fierce.
The goliath frog seems to grow more fierce.
You kill the spriggan druid!
You hear a splash. x4
The three-headed hydra bites you but does no damage. x2
The three-headed hydra bites you.
You slip backwards!
The goliath frog hits you from afar.
You are splashed with acid.
You resist.
You barely miss the three-headed hydra.
You block the three-headed hydra's attack.
The three-headed hydra bites you but does no damage. x2
The goliath frog hits you from afar!
You are splashed with acid.
You resist.
* * * LOW HITPOINT WARNING * * *
As you read the scroll of teleportation, it crumbles to dust.
You feel strangely unstable.
The goliath frog hits you but does no damage.
You block the three-headed hydra's attack.
The three-headed hydra closely misses you.
The three-headed hydra bites you but does no damage.
Ealamassi hits the three-headed hydra with a +0 broad axe of flaming!
Ealamassi burns the three-headed hydra.
Ealamassi hits the bunyip but does no damage.
The three-headed hydra attacks as you move away!
You block the three-headed hydra's attack.
The three-headed hydra bites you.
* * * LOW HITPOINT WARNING * * *
The three-headed hydra closely misses you.
The bunyip attacks as you move away! The bunyip claws you.
* * * LOW HITPOINT WARNING * * *
You block the bunyip's attack. The bunyip claws you!!
You die...

♣.~~♣..♣
♣♣~....≈≈
♣.~.♣♣♣♣ ♣♣~..≈≈≈
♣♣♣♣♣♣ ♣♣♣.~♣
♣♣..≈≈≈
.~.♣~~♣♣~~♣♣♣
♣..~~.≈
.~~~....~.♣
♣..~~~.
.......~~.♣♣ .♣
♣♣.~~~.
......~~~F~♣♣♣..♣
♣♣§..♣
~.....~~§~~~..♣
♣♣♣♣♣
~§~...~§RD@~~.♣
♣♣~.
~.~....~~x~~.♣♣
♣~.§
.~~~.....~~~.~♣
♣♣♣♣♣♣♣~
.~~~..)~♣.......♣
♣♣§..~♣.~
~.~<♣...♣♣..♣♣..♣
♣.~~~.~..
♣♣..♣~..~§...♣♣~♣
♣.~~~.♣♣. ♣♣
♣........~♣♣♣
♣♣....♣♣.
♣.§♣~..♣♣♣♣
♣♣♣.~~~... ♣♣♣ ♣♣
♣♣~♣~.~~~.~


You could see the friendly Ealamassi the knight, a bunyip (strong), a
three-headed hydra (strong, ally target) and a goliath frog (strong).

Vanquished Creatures
  Donald (Orc:2)
  An orc warlord (Orc:1)
  An eleionoma (Swamp:1)
  A minotaur (Gauntlet)
  A caustic shrike simulacrum (IceCv)
  A fire dragon (Lair:5)
  2 ghost crabs
  4 hydras
  An ogre mage (D:14)
  2 catoblepae
  4 centaur warriors
  A two-headed ogre (D:14)
  2 tengu warriors
  9 death yaks
  2 boulder beetles
  4 alligators
  An orc high priest (Orc:2)
  The ghost of zordking the Fighter, a novice HOMo of Beogh (D:6)
  A storm dragon zombie (D:15)
  4 skeletal warriors
  A goliath frog (Swamp:1)
  A skyshark (Lair:4)
  A flayed ghost (D:15)
  An obsidian statue (IceCv)
  A spriggan druid (Swamp:2)
  2 bog bodies
  Pikel (D:6)
  A wizard (D:14)
  An orc sorcerer (Orc:2)
  8 ugly things
  A necromancer (D:15)
  A will-o-the-wisp (Swamp:1)
  2 manticores
  4 cyclopes
  15 elephants
  Joseph (D:9)
  5 black mambas
  A molten gargoyle (Lair:5)
  8 cane toads
  A minotaur zombie (Gauntlet)
  Maggie (D:9)
  3 unseen horrors
  3 freezing wraiths (IceCv)
  4 rime drakes
  7 komodo dragons
  A tengu conjurer (D:13)
  An anaconda simulacrum (IceCv)
  4 kobold demonologists
  A golden dragon simulacrum (IceCv)
  6 trolls
  3 meliai
  A polar bear (Lair:2)
  Prince Ribbit (D:8)
  13 blink frogs
  4 hornets
  5 dream sheep (Lair:2)
  8 slime creatures
  A shadow (D:10)
  2 spriggans
  26 yaks
  A vampire (D:9)
  A wraith (D:10)
  9 wyverns
  7 basilisks
  2 minotaur simulacra (IceCv)
  3 vampire mosquitoes (D:12)
  Menkaure (D:4)
  A steam dragon (D:9)
  A warg (Orc:2)
  A harpy simulacrum (IceCv)
  6 swamp worms
  An acid dragon (D:11)
  2 hydra simulacra (IceCv)
  3 hell hounds (Lair:5)
  6 water moccasins
  30 orc warriors
  A sky beast (D:7)
  2 black bears
  An ettin simulacrum (IceCv)
  2 ogres (Orc:2)
  3 wolves (Lair:4)
  7 centaurs
  2 lemures (D:6)
  3 kobold brigands
  10 bullfrogs
  A spectral water moccasin (Lair:2)
  2 gnoll sergeants
  5 scorpions
  A deep troll simulacrum (IceCv)
  7 wights
  Dowan (D:4)
  9 killer bees
  A howler monkey (D:5)
  4 lava snakes (Lair:5)
  A crimson imp (D:4)
  4 hounds
  8 jellies
  An iguana (D:6)
  4 sleepcaps
  20 orc priests
  16 orc wizards
  2 hell rats (D:14)
  9 gnolls
  4 adders
  2 shadow imps
  A white imp (D:6)
  3 ufetubi
  2 worms (D:2)
  3 dart slugs
  61 orcs
  14 endoplasms
  4 giant cockroaches
  6 goblins
  8 hobgoblins
  13 kobolds
  4 quokkas
  8 ball pythons
  9 bats
  2 frilled lizards (D:1)
  9 rats
551 creatures vanquished.

Vanquished Creatures (collateral kills)
  A caustic shrike simulacrum (IceCv)
  2 hydras (Swamp:2)
  A boulder beetle (D:13)
  A ghost crab (Swamp:2)
  2 alligators (Swamp:1)
  3 death yaks
  A two-headed ogre (D:14)
  A sixfirhy (Gauntlet)
  A fire crab (Lair:4)
  2 goliath frogs (Swamp:2)
  2 bog bodies
  2 lindwurms (Lair:5)
  A spriggan simulacrum (IceCv)
  An oklob plant (Lair:2)
  An orc sorcerer (Orc:2)
  2 will-o-the-wisps (Swamp:1)
  A cyclops (D:13)
  3 elephants
  2 black mambas
  A molten gargoyle (Lair:5)
  5 cane toads
  An unseen horror (D:12)
  A komodo dragon (Lair:1)
  2 golden dragon simulacra (IceCv)
  A troll (D:12)
  4 tyrant leeches
  4 hornets
  7 blink frogs
  A dream sheep (Lair:2)
  Sigmund (D:6)
  4 spriggans
  4 slime creatures
  10 yaks
  4 wyverns
  A wraith (D:12)
  A basilisk (Lair:3)
  A minotaur simulacrum (IceCv)
  2 hydra simulacra (IceCv)
  A swamp worm (Swamp:1)
  2 water moccasins
  4 orc warriors (Orc:2)
  A spectral polar bear (Lair:2)
  An ice beast (D:6)
  7 centaurs
  A lemure (D:6)
  4 bullfrogs
  A scorpion (D:7)
  2 wights
  2 killer bees (D:8)
  A lava snake (Lair:5)
  4 jellies (Lair:2)
  An orc priest (Orc:2)
  14 orc wizards
  An iguana (D:7)
  5 hell rats (D:14)
  An adder (D:6)
  A gnoll (D:7)
  22 orcs
  5 endoplasms (Lair:2)
  5 kobolds
171 creatures vanquished.

Vanquished Creatures (others)
  Nessos (D:15)
  A goliath frog (Swamp:2)
  3 bloated husks
  A hog (shapeshifter) (D:15)
  15 knights
  4 demonic plants (Gauntlet)
  18 foxfires (Swamp:1)
  29 fungi
  26 plants
  4 withered plants
102 creatures vanquished.

Grand Total: 824 creatures vanquished

Notes
Turn   | Place    | Note
-------+----------+-------------------------------------------
     0 | D:1      | Kenran the Gargoyle Fighter began the quest for the Orb.
     0 | D:1      | Reached XP level 1. HP: 14/14 MP: 1/1
   290 | D:1      | Reached XP level 2. HP: 19/19 MP: 2/2
   597 | D:1      | Reached XP level 3. HP: 23/23 MP: 3/3
  2020 | D:3      | Reached XP level 4. HP: 28/28 MP: 4/4
  2633 | D:3      | Found a faded altar of an unknown god.
  2844 | D:4      | Reached skill level 5 in Unarmed Combat
  2844 | D:4      | Reached XP level 5. HP: 17/32 MP: 5/5
  2908 | D:4      | Found a staircase to the Ecumenical Temple.
  2917 | Temple   | Entered the Ecumenical Temple
  3115 | Temple   | Became a worshipper of Hepliaklqana the Forgotten
  3226 | D:4      | Reached skill level 4 in Fighting
  3260 | D:4      | Found a shadowy altar of Dithmenos.
  3302 | D:4      | Found a bloodstained altar of Trog.
  3339 | D:4      | Noticed Menkaure
  3352 | D:4      | Killed Menkaure
  3353 | D:4      | Reached skill level 1 in Invocations
  3353 | D:4      | Reached XP level 6. HP: 17/38 MP: 6/6
  3455 | D:4      | Noticed Dowan
  3455 | D:4      | Noticed Duvessa
  3503 | D:4      | Killed Dowan
  3751 | D:4      | Found an iron altar of Okawaru.
  3793 | D:4      | Found a burning altar of Makhleb.
  3794 | D:4      | Found a radiant altar of Vehumet.
  3942 | D:5      | Entered Level 5 of the Dungeon
  3942 | D:5      | Found Buggietisk's Armour Shop.
  3959 | D:5      | Reached XP level 7. HP: 40/43 MP: 8/8
  4083 | D:5      | Reached * piety under Hepliaklqana
  4152 | D:5      | Found a stormy altar of Qazlal.
  4185 | D:5      | Identified the +7 whip of Oozing Pus {drain, rF+ rCorr
                  | Str+3}
  4226 | D:5      | Reached skill level 1 in Maces & Flails
  4451 | D:5      | Found Diriops's Weapon Emporium.
  4519 | D:5      | Found Mumegul's Armour Emporium.
  4817 | D:6      | Noticed a yak
  4817 | D:6      | Noticed a yak
  4817 | D:6      | Noticed a yak
  4817 | D:6      | Noticed a yak
  4817 | D:6      | Noticed a yak
  4817 | D:6      | Found a shimmering altar of Xom.
  4828 | D:5      | Killed a yak
  4905 | D:5      | Killed a yak
  4906 | D:5      | Reached skill level 5 in Maces & Flails
  4906 | D:5      | Reached XP level 8. HP: 37/43 MP: 9/9
  5067 | D:6      | Found a sparkling altar of Nemelex Xobeh.
  5159 | D:6      | Noticed a troll
  5159 | D:6      | Noticed a cyan ugly thing
  5160 | D:6      | Noticed zordking's ghost (novice HOMo)
  5161 | D:6      | Found a runed translucent gate.
  5191 | D:6      | Noticed Sigmund
  5195 | D:6      | Killed a yak
  5320 | D:6      | Killed Sigmund
  5321 | D:6      | Reached XP level 9. HP: 36/46 MP: 10/10
  5391 | D:6      | Found a runed translucent gate.
  5391 | D:6      | Found a runed translucent gate.
  5424 | D:6      | Noticed Pikel
  5442 | D:6      | Killed Pikel
  5443 | D:6      | Reached skill level 5 in Fighting
  5691 | D:6      | Reached ** piety under Hepliaklqana
  6325 | D:6      | Remembered your ancestor Ealamassi as a knight
  6468 | D:7      | Reached skill level 6 in Fighting
  6468 | D:7      | Reached skill level 5 in Armour
  6654 | D:7      | Found a basalt altar of Yredelemnul.
  6719 | D:7      | Found a white marble altar of Elyvilon.
  6737 | D:7      | Found the +2 shield of Resistance {rF++ rC++ Will++}
  6771 | D:7      | Found Xaunus's General Store.
  6786 | D:7      | Bought a scroll of identify for 28 gold pieces
  6786 | D:7      | Bought a scroll of identify for 28 gold pieces
  6862 | D:7      | Found a snail-covered altar of Cheibriados.
  6862 | D:7      | Found an opulent altar of Gozag.
  6896 | D:7      | Found a sacrificial altar of Ru.
  7038 | D:8      | Noticed Prince Ribbit
  7045 | D:8      | Killed Prince Ribbit
  7046 | D:8      | Reached skill level 10 in Maces & Flails
  7046 | D:8      | Reached XP level 10. HP: 54/54 MP: 12/12
  7428 | D:8      | Reached *** piety under Hepliaklqana
  7600 | D:8      | Found a runed translucent gate.
  7601 | D:8      | Found a runed translucent gate.
  7602 | D:8      | Found a runed translucent gate.
  8296 | D:8      | Noticed zx48k's ghost (novice GnFi)
  8493 | D:9      | Reached skill level 7 in Fighting
  8602 | D:9      | Noticed Maggie
  8618 | D:9      | Killed Maggie
  8676 | D:9      | Found Voc Cuna's Jewellery Shoppe.
  8875 | D:9      | Reached **** piety under Hepliaklqana
  8891 | D:9      | Found an ornate altar of the Wu Jian Council.
  9226 | D:9      | Noticed Joseph
  9250 | D:9      | Killed Joseph
  9251 | D:9      | Reached skill level 8 in Fighting
  9396 | D:9      | Found a glowing golden altar of the Shining One.
  9680 | D:9      | Reached XP level 11. HP: 45/62 MP: 13/13
  9965 | D:6      | Killed zordking's ghost
  9969 | D:6      | Killed a cyan ugly thing
  9970 | D:6      | Reached skill level 5 in Shields
 10105 | D:10     | Entered Level 10 of the Dungeon
 10345 | D:10     | Reached skill level 9 in Fighting
 10349 | D:10     | Noticed a soul eater
 10945 | D:10     | Found a staircase to the Lair.
 11019 | D:10     | Found a staircase to the Orcish Mines.
 11501 | D:11     | Noticed a brown ugly thing
 11516 | D:11     | Killed a brown ugly thing
 11562 | D:11     | Noticed a manticore
 11572 | D:11     | Killed a manticore
 11594 | D:11     | Noticed a cyclops
 11606 | D:11     | Reached XP level 12. HP: 25/69 MP: 14/14
 11613 | D:11     | Reached skill level 10 in Fighting
 11682 | D:11     | Found a gate leading to a gauntlet.
 11772 | Gauntlet | Entered a Gauntlet
 11772 | Gauntlet | Found a transporter.
 11777 | Gauntlet | Found a transporter.
 11778 | Gauntlet | Found a transporter.
 11792 | Gauntlet | Found a transporter.
 11794 | Gauntlet | Found a transporter.
 11800 | Gauntlet | Found a runed translucent gate.
 11800 | Gauntlet | Found a runed translucent gate.
 11800 | Gauntlet | Found a runed translucent gate.
 11803 | Gauntlet | Found a transporter.
 11818 | Gauntlet | Noticed a ghost crab
 11819 | Gauntlet | Found a transporter.
 11827 | Gauntlet | Noticed a catoblepas
 11829 | Gauntlet | Found a transporter.
 11830 | Gauntlet | Found the +2 pair of slick slippers {slick, slippery, EV+4}
 11836 | Gauntlet | Noticed a hell hog
 11839 | Gauntlet | Found a transporter.
 11853 | Gauntlet | Found a transporter.
 11868 | Gauntlet | Found a transporter.
 11956 | Gauntlet | Found a transporter.
 11988 | Gauntlet | Found a transporter.
 12187 | Gauntlet | Identified the +8 falchion "Usuqin" {flame, rN+}
 12187 | Gauntlet | Identified the ring of the Genius {rF- rC+ Will+ Int+4
                  | SInv}
 12187 | Gauntlet | Noticed a minotaur
 12202 | Gauntlet | Killed a minotaur
 12218 | Gauntlet | Identified the ring "Siubaok" {rElec rC+ MP+9}
 12218 | Gauntlet | Identified the +4 glaive of Equivalence {freeze, Will+
                  | Str+6 Int-3 Stlth-}
 12415 | Lair:1   | Entered Level 1 of the Lair of Beasts
 12459 | Lair:1   | Reached skill level 1 in Evocations
 12858 | Lair:1   | Reached skill level 5 in Invocations
 12973 | Lair:1   | Reached ***** piety under Hepliaklqana
 13172 | Lair:2   | Reached skill level 11 in Fighting
 13232 | Lair:2   | Found a staircase to the Swamp.
 13232 | Lair:2   | Noticed a ghost crab
 13257 | Lair:2   | Killed a ghost crab
 13504 | Lair:2   | Reached XP level 13. HP: 33/75 MP: 17/17
 13894 | Lair:2   | Reached skill level 10 in Armour
 14017 | Lair:2   | Found a hole to the Spider Nest.
 14434 | Lair:3   | Found a broken altar of Ashenzari.
 14908 | Lair:3   | Reached skill level 12 in Fighting
 15351 | Lair:3   | Got the Incunabulum of Productive Anathema
 15948 | Lair:4   | Reached skill level 13 in Fighting
 16066 | Lair:4   | Gained mutation: Your large and strong wings let you fly.
                  | [Gargoyle growth]
 16066 | Lair:4   | Reached XP level 14. HP: 83/84 MP: 19/21
 16223 | Lair:4   | Reached skill level 10 in Invocations
 16232 | Lair:4   | Found a viscous altar of Jiyva.
 16233 | Lair:4   | Found a staircase to the Slime Pits.
 16980 | Lair:5   | Entered Level 5 of the Lair of Beasts
 17290 | Lair:5   | Reached skill level 14 in Fighting
 17346 | Lair:5   | Reached ****** piety under Hepliaklqana
 17434 | Lair:5   | Found a large runed translucent door.
 17434 | Lair:5   | Found a large runed translucent door.
 18449 | Lair:5   | Identified the +0 helmet "Ruqaixku" {rPois rCorr Str+2}
 18462 | Lair:5   | Identified the +0 chain mail of the Black Skies {rF+}
 18614 | Orc:1    | Entered Level 1 of the Orcish Mines
 18661 | Orc:2    | Entered Level 2 of the Orcish Mines
 19065 | Orc:2    | Found Irocuxu's Distillery.
 19120 | Orc:2    | Bought a potion of heal wounds for 60 gold pieces
 19120 | Orc:2    | Bought 2 potions of curing for 72 gold pieces
 19120 | Orc:2    | Bought a potion of heal wounds for 60 gold pieces
 19120 | Orc:2    | Bought a potion of attraction for 36 gold pieces
 19149 | Orc:2    | Found Uzaczo's Weapon Boutique.
 19359 | Orc:2    | Found a staircase to the Elven Halls.
 19419 | Orc:2    | Reached skill level 15 in Fighting
 19424 | Orc:2    | Found Acka's General Store.
 19432 | Orc:2    | Reached skill level 1 in Dodging
 19459 | Orc:2    | Bought 2 scrolls of identify for 64 gold pieces
 19706 | Orc:2    | Noticed Donald
 19746 | Orc:2    | Killed Donald
 20055 | Orc:2    | Noticed an orc warlord
 20139 | Orc:1    | Killed an orc warlord
 20254 | Orc:2    | Reached XP level 15. HP: 68/92 MP: 22/22
 20274 | Orc:2    | Found Hamyizue's Antique Armour Emporium.
 20409 | Orc:2    | Found Guqoch's Antique Weapon Shoppe.
 20732 | D:11     | Reached skill level 16 in Fighting
 21027 | D:12     | Noticed CryoSword's ghost (journeyman DsMo)
 21056 | D:12     | Found a transporter.
 21094 | D:12     | Found a transporter.
 21395 | D:13     | Reached skill level 1 in Long Blades
 22431 | D:14     | Found a gate to the Vaults.
 22438 | D:14     | Reached skill level 5 in Long Blades
 22759 | D:14     | Found a hazy altar of Hepliaklqana.
 23488 | D:15     | Entered Level 15 of the Dungeon
 23488 | D:15     | Noticed Nessos
 23499 | D:15     | Killed Nessos
 23531 | D:15     | Noticed Jorgrun
 23932 | D:15     | Found a staircase to the Depths.
 24009 | D:15     | HP: 3/93 [meliai/divine providence (16)]
 24379 | Swamp:1  | Entered Level 1 of the Swamp
 24536 | Swamp:1  | Reached XP level 16. HP: 69/99 MP: 23/23
 24889 | Swamp:1  | Found a frozen archway.
 24927 | IceCv    | Entered an ice cave
 24950 | IceCv    | Reached skill level 10 in Long Blades
 25713 | IceCv    | Noticed an Ice Fiend
 25713 | IceCv    | Noticed an Ice Fiend
 26886 | Swamp:2  | Slain by a bunyip

Illustrated notes

Levels and vault maps discovered:
D:1:      dpeg_arrival_castle, layout_basic, minmay_misc_feat_tiny,
          palyth_stone_intersect, minmay_hexomino_f4
D:2:      layout_loops_cross
D:3:      layout_basic, shapermc_ecumenical_altar_gd,
          chequers_serial_rivers_micro_a
D:4:      layout_gridville, grunt_temple_overflow_lords_of_destruction,
          nicolae_dithmenos_through_a_glass_darkly, okawaru_trees_1,
          lightli_temple_of_fire, minmay_temple_entry_waves, uniq_duvessa,
          uniq_menkaure
D:5:      layout_cave_pods, nicolae_qazlal_general_emergency, serial_shops,
          nicolae_shop_trees, kennysheep_little_box,
          nicolae_shop_advertising_works [nicolae_subvault_shop_adworks]
D:6:      layout_layer_cave, xom_teletrap_fun,
          nemelex_xobeh_ov_fountains_minmay, gammafunk_ghost_split, uniq_pikel,
          uniq_sigmund
D:7:      layout_cave_pools, kennysheep_ying_yang,
          nicolae_ru_the_path_less_chosen, gammafunk_temple_overflow_statue,
          serial_shops, nicolae_shop_trees
D:8:      layout_layer_cave, gammafunk_ghost_spectres, uniq_prince_ribbit1
D:9:      layout_roguey, kennysheep_mini, nzn_wu_jian_council_hall,
          serial_shops, nicolae_shop_statue_plus, kennysheep_cross_room,
          roderic_lattice_a, minmay_tree_intersection, uniq_joseph, uniq_maggie
D:10:     layout_loops_ring, grunt_lair_entry_orc_guard_hut,
          minmay_orc_entry_temple_small
D:11:     layout_roguey, gauntlet_entry_generic
D:12:     layout_cave_pools, nzn_ghost_randoct
D:13:     layout_cave_pods
D:14:     layout_gridville, david_vaults_2, special_room
          [special_room_mythical_zoo], hangedman_abyss_or_decor_clamps,
          worldfamousw_hep_ancestral_shrine
D:15:     gammafunk_depths_entry_grave, layout_basic,
          chequers_serial_rivers_small_a, uniq_jorgrun, uniq_nessos
Temple:   nicolae_temple_bog_church
Lair:1:   layout_long_grid
Lair:2:   lemuel_slime, layout_regular_city, nicolae_swamp_entry_spooky,
          hellmonk_spider_entry_not_the_bees
Lair:3:   layout_small_grid, basic_altar, serial_bayou_shore_b
Lair:4:   layout_cave_pods, dpeg_slime_entry_enclosed, grunt_megastairs_3,
          serial_bayou_shore_b
Lair:5:   cheibrodos_lair_end_hotspot, layout_small_grid
Swamp:1:  layout_basic_swamp, portal_ice_cave_entry_pillars_three,
          hangedman_swamp_cone, swamp_pool2
Swamp:2:  layout_basic_swamp, evilmike_swamp_ruin_rubble_1,
          infiniplex_staircase_pool, uniq_aizul, uniq_louise
Orc:1:    cheibrodos_orc_bank, layout_diamond_mine
Orc:2:    grunt_orc_community_town_hall, layout_caves,
          grunt_orc_community_big_house_1, grunt_orc_community_big_house_2,
          grunt_orc_community_house_2, grunt_orc_community_house_2,
          grunt_orc_community_house_1, grunt_orc_community_house_3,
          grunt_orc_community_house_1, grunt_orc_community_house_3,
          serial_shops, nicolae_shop_bloodbath_and_beyond, uniq_donald

Skill      XL: |  1  2  3  4  5  6  7  8  9 10 11 12 13 14 15 16 |
---------------+-------------------------------------------------+-----
Unarmed Combat | 3 4 5 6 |  6.5
Fighting       | 4 6 8 9 11 13 15 16 | 16.6
Invocations    | 1 3 6 9 10 | 10.5
Maces & Flails | 5 8 10 12 13 14 | 14.0
Armour         | 5 7 9 11 13 | 13.3
Shields        | 4 7 |  7.0
Evocations     | 3 |  3.0
Dodging        | 2 |  2.0
Long Blades    | 9 10 | 10.7

Action                     |  1- 3 |  4- 6 |  7- 9 | 10-12 | 13-15 | 16-18 || total
---------------------------+-------+-------+-------+-------+-------+-------++-------
  Melee: Unarmed           |   173 |   128 |     9 |       |       |       ||   310
         Whip              |       |       |   178 |   751 |  1687 |       ||  2616
         Double sword      |       |       |       |       |    24 |   238 ||   262
 Invoke: Ancestor Identity |       |       |     1 |       |       |       ||     1
         Recall Ancestor   |       |       |     1 |     1 |     3 |       ||     5
         Ancestor Life: Kn |       |       |     1 |       |       |       ||     1
    Use: Scroll            |     1 |       |     5 |     9 |    12 |     3 ||    30
         Potion            |       |     2 |       |     5 |     6 |       ||    13
   Stab: Distracted        |       |       |     1 |     5 |     4 |     2 ||    12
         Petrified         |       |       |       |       |     7 |       ||     7
 Armour: Scale mail        |    89 |    46 |    73 |   170 |       |       ||   378
         Plate armour      |       |       |       |   203 |   732 |   216 ||  1151
  Dodge: Dodged            |    83 |    46 |    50 |   190 |   418 |   102 ||   889
  Block: Buckler           |    31 |    20 |    17 |       |       |       ||    68
         Kite shield       |       |       |    38 |   388 |   860 |   239 ||  1525
         Reflection        |       |       |       |       |    34 |    10 ||    44

Table legend: (Time is in decaauts)
 A = Elapsed time spent in this place.
 B = Non-inter-level travel time spent in this place.
 C = Inter-level travel time spent in this place.
 D = Time resting spent in this place.
 E = Time spent auto-exploring this place.
 F = Levels seen in this place.
 G = Mean time per level.
                   A        B        C        D        E       F      G
               +--------+--------+--------+--------+--------+-----+--------+
         Total |  25999 |  24886 |   1113 |   4308 |  13941 |  27 |  962.9 |
       Dungeon |  15185 |  14447 |    738 |   2203 |   8488 |  15 | 1012.3 |
        Temple |    216 |    200 |     16 |      0 |    169 |   1 |  216.0 |
          Lair |   5871 |   5584 |    287 |    763 |   3448 |   5 | 1174.2 |
         Swamp |   1687 |   1658 |     29 |    311 |    968 |   2 |  843.5 |
  Orcish Mines |   1753 |   1711 |     42 |    391 |    799 |   2 |  876.5 |
      Ice Cave |    845 |    845 |      0 |    475 |     67 |   1 |  845.0 |
      Gauntlet |    440 |    440 |      0 |    164 |      0 |   1 |  440.0 |
               +--------+--------+--------+--------+--------+-----+--------+

Top non-repeatable levels by time:
   Orc:2: 1594 daAuts
     D:6: 1562 daAuts
     D:9: 1451 daAuts
  Lair:5: 1405 daAuts
    D:10: 1371 daAuts
     D:8: 1368 daAuts
    D:14: 1287 daAuts
  Lair:4: 1271 daAuts
     D:1: 1222 daAuts
  Lair:2: 1217 daAuts
  Lair:3: 1196 daAuts
    D:13: 1136 daAuts
     D:5: 1070 daAuts
 Swamp:1: 944 daAuts
     D:4: 914 daAuts
